 Dungeon Crawl Stone Soup version 0.31-a0-851-g7ff8af7976 (webtiles) character file.

Game seed: 7789798376426838160

212 DocEon the Magician (level 5, 0/28 HPs)
             Began as a Deep Elf Air Elementalist on Oct 5, 2023.
             Slain by an ogre
             ... wielding a +0 giant club
              (23 damage)
             ... on level 3 of the Dungeon.
             The game lasted 00:02:37 (2404 turns).

DocEon the Magician (Deep Elf Air Elementalist)     Turns: 2404, Time: 00:02:38

Health: 0/28       AC:  4    Str:  5    XL:     5   Next: 58%
Magic:  11/24      EV: 12    Int: 22    God:
Gold:   147        SH:  0    Dex: 15    Spells: 10/16 levels left

rFire   . . .        f - +0 dagger (elec)
rCold   . . .        (no shield)
rNeg    . . .        a - +1 robe
rPois   .            (no helmet)
rElec   .            h - +0 cloak
rCorr   .            (no gloves)
SInv    .            (no boots)
Will    .....        (no amulet)
Stlth   ++           g - ring of magical power
HPRegen 0.24/turn    (no ring)
MPRegen 0.19/turn

%: no passive effects
@: no status effects
A: no striking features
a: no special abilities


You were on level 3 of the Dungeon.
You visited 1 branch of the dungeon, and saw 3 of its levels.

You collected 147 gold pieces.

Inventory:

Hand Weapons
 f - a +0 dagger of electrocution (weapon)
Armour
 a - a +1 robe (worn)
 h - a +0 cloak (worn)
Jewellery
 g - a ring of magical power (left hand)
Scrolls
 d - 3 scrolls of identify
 e - a scroll of amnesia
 i - a scroll of enchant armour
Potions
 b - a potion of magic
 c - a potion of enlightenment {unknown}
 j - a potion of resistance {unknown}
 k - 2 potions of curing {unknown}


   Skills:
 - Level 2.4 Dodging
 - Level 2.4 Stealth
 * Level 6.0 Spellcasting
 + Level 3.0 Conjurations
 + Level 4.1 Air Magic


You had 10 spell levels left.
You knew the following spells:

 Your Spells              Type           Power      Damage    Failure   Level
a - Shock                 Conj/Air       88%        1d8       1%          1
b - Static Discharge      Conj/Air       44%        2-4/arc   3%          2
c - Swiftness             Air            24%        N/A       4%          3

Your spell library contained the following spells:

 Spells                   Type           Power      Damage    Failure   Level
 Airstrike                Air            12%        2d(2-18)  17%         4


Dungeon Overview and Level Annotations

Branches:
Dungeon (3/15)

Altars:


Message History

A bat comes into view.
Found a shiny granite ring.
The zap hits the bat.
You kill the bat!
Found a clear potion.
g - a ring of magical power You feel your magic capacity increase.
g - a ring of magical power (left hand)
k - 2 clear potions (gained 1)
An endoplasm comes into view.
The zap hits the endoplasm!
You kill the endoplasm!
You can't see any susceptible monsters within range! (Use Z to cast anyway.)
You hear the brisk rusting of a distant drain.
A worm comes into view.
An orc and a kobold come into view.
The orc is wielding a +0 whip and wearing a +1 ring mail of fire resistance.
An ogre comes into view. It is wielding a +0 giant club.
The ogre shouts!
You hear a shout!
The zap hits the ogre.
The ogre is lightly wounded.
The zap hits the ogre.
The ogre is lightly wounded.
Casting: Shock (safe; 1% risk of failure)
Confirm with . or Enter, or press ? or * to list all spells.
The ogre is struck by an arc of lightning.
The ogre is moderately wounded.
You are struck by an arc of lightning.
The lightning grounds out.
The ogre closely misses you.
Casting: Static Discharge (safe; 3% risk of failure)
Confirm with . or Enter, or press ? or * to list all spells.
The ogre is struck by an arc of lightning.
The ogre is moderately wounded.
You are struck by an arc of lightning.
The ogre is struck by an arc of lightning.
The ogre is heavily wounded.
You are struck by an arc of lightning.
The lightning grounds out.
The ogre hits you with a +0 giant club!!
Ouch! That really hurt!
You die...

###...........#
##..........#
#.......^..#
#..........#
#..........##
##########..#
####### ##.#
#.....## #.###
.......## #.@O#
........#
###......#
.†......#
#####..
........#
........#
........#
........#
.......##
#.....##


You could see an ogre.

Vanquished Creatures
  An ogre (D:3)
  Terence (D:3)
  A gnoll (D:2)
  3 adders
  3 dart slugs
  6 ball pythons
  6 bats
  7 endoplasms
  4 giant cockroaches
  2 hobgoblins (D:1)
  4 jackals (D:1)
  3 kobolds
  A quokka (D:3)
  2 frilled lizards (D:2)
  10 goblins
  7 rats
61 creatures vanquished.

Notes
Turn   | Place    | Note
-------+----------+-------------------------------------------
     0 | D:1      | DocEon the Deep Elf Air Elementalist began the quest for
                  | the Orb.
     0 | D:1      | Reached XP level 1. HP: 10/10 MP: 6/6
    98 | D:1      | Reached XP level 2. HP: 15/15 MP: 0/8
   360 | D:1      | Learned a level 2 spell: Static Discharge
   583 | D:1      | Reached skill level 4 in Spellcasting
   689 | D:1      | Reached XP level 3. HP: 18/19 MP: 5/10
   695 | D:1      | Learned a level 3 spell: Swiftness
  1395 | D:2      | Reached XP level 4. HP: 20/24 MP: 1/12
  2095 | D:3      | Noticed Terence
  2103 | D:3      | Killed Terence
  2104 | D:3      | Reached skill level 5 in Spellcasting
  2277 | D:3      | Noticed an ogre
  2297 | D:3      | Killed an ogre
  2298 | D:3      | Reached skill level 6 in Spellcasting
  2298 | D:3      | Reached XP level 5. HP: 18/28 MP: 1/15
  2399 | D:3      | Noticed an ogre
  2404 | D:3      | Slain by an ogre

Illustrated notes

Levels and vault maps discovered:
D:1:      dpeg_arrival_pits, layout_basic
D:2:      layout_basic, minmay_small_reverse_x
D:3:      layout_rooms, cheibrodos_sewer_entry_bend, uniq_terence

Skill      XL: |  1  2  3  4 |
---------------+-------------+-----
Spellcasting   | 4 6 |  6.0
Conjurations   | 2 3 |  3.0
Air Magic      | 4 |  4.1
Dodging        | |  2.4
Stealth        | |  2.4

Action                     |  1- 3 |  4- 6 || total
---------------------------+-------+-------++-------
  Melee: Unarmed           |     1 |     1 ||     2
   Cast: Shock             |    89 |    31 ||   120
         Static Discharge  |       |    10 ||    10
         Swiftness         |       |     1 ||     1
    Use: Scroll            |     2 |     2 ||     4
   Stab: Sleeping          |     1 |       ||     1
 Armour: Robe              |     4 |    11 ||    15
  Dodge: Dodged            |     5 |     9 ||    14

Table legend: (Time is in decaauts)
 A = Elapsed time spent in this place.
 B = Non-inter-level travel time spent in this place.
 C = Inter-level travel time spent in this place.
 D = Time resting spent in this place.
 E = Time spent auto-exploring this place.
 F = Levels seen in this place.
 G = Mean time per level.
                   A        B        C        D        E       F      G
               +--------+--------+--------+--------+--------+-----+--------+
         Total |   2403 |   2341 |     62 |    246 |   1685 |   3 |  801.0 |
       Dungeon |   2403 |   2341 |     62 |    246 |   1685 |   3 |  801.0 |
               +--------+--------+--------+--------+--------+-----+--------+

Top non-repeatable levels by time:
     D:1: 1104 daAuts
     D:2: 1039 daAuts
     D:3: 260 daAuts
